[Event "FRA-ch Accession"]
[Site "Agen"]
[Date "2016.08.19"]
[Round "7"]
[White "Chabanon, Jean Luc"]
[Black "Lagarde, Maxime"]
[Result "1-0"]
[ECO "A85"]
[WhiteElo "2458"]
[BlackElo "2572"]
[Annotator "Meulders,R"]
[PlyCount "73"]
[EventDate "2016.08.13"]
[EventType "swiss"]
[EventRounds "9"]
[EventCountry "FRA"]
[SourceTitle "EXT 2017"]
[Source "ChessBase"]
[SourceDate "2016.10.25"]
[SourceVersion "1"]
[SourceVersionDate "2016.10.25"]
[SourceQuality "1"]
[TimeControl "40/5400+30:1800+30"]

1. d4 f5 2. c4 Nf6 3. Nc3 d6 4. Bg5 Nbd7 5. Qc2 g6 6. h4 $1 h6 (6... Bg7 7. O-O-O c6 8. Nh3 Nf8 9. e3 Qa5
10. Kb1 Ne6 11. Be2 Bd7 12. Bxf6 Bxf6 13. g4 O-O-O 14. gxf5 gxf5 15. Bd3 Kb8
16. Ne2 Bxh4 17. Bxf5 Bf6 18. e4 c5 19. d5 Nc7 20. Bxd7 Rxd7 21. f4 Rhd8 22.
Nf2 b5 23. Ng4 Bh8 24. Rxh7 Qb4 25. Ne3 a6 26. a3 Qa5 27. Nf5 Re8 28. e5 bxc4
29. Rdh1 Nb5 30. a4 {1-0 (30) Nakamura,H (2787)-Anton Guijarro,D (2639)
Gibraltar 2016}) 7. Bd2 e5 8. e3 Bg7 (8... h5 $2 {Ipatov,A (2630)-Gallagher,J (2504)
EU-chT (Men) 19th 2013 (5.12) 1-0}) 9. h5 Nf8 $146 (9... Nxh5 10. g4 Nhf6 11. gxf5 g5 12. O-O-O c6 13. dxe5 Nxe5 14. f4
gxf4 15. e4 f3 16. Bf4 Nfg4 17. Bh3 Qh4 18. Bxg4 Qxg4 19. Nh3 Qg2 20. Nf2 Bf6
21. Rhg1 {1-0 (21) Stocek,J (2529)-Wall,G (2323) Bunratty 2014}) (9... g5 10.
Qxf5 O-O 11. O-O-O exd4 12. exd4 c5 13. Be3 Ne5 14. Qc2 Neg4 15. dxc5 Nxe3 16.
fxe3 Ng4 17. Rh3 Qe8 $13 {with more than enough compensation for Black.}) 10.
hxg6 Nxg6 11. O-O-O c6 12. dxe5 dxe5 13. e4 f4 14. Bxf4 Qe7 15. Bd2 Be6 16. Nge2 Ng4 17. Be1 Qg5+ 18. Kb1 O-O 19. Ng3 Nf4 20. Rd6 Rf7 21. c5 Kh8 22. Nh5 Nxh5 23. Rxe6 Nf4 24. Rd6 Bf8 25. g3 Bxd6 26. gxf4 Rxf4 27. cxd6 Qf6 28. Ne2 Nxf2 29. Rxh6+ Qxh6 30. Nxf4 Qxf4 31. Qxf2 Qxe4+ 32. Kc1 Kg7 33.
Qg3+ Kf7 34. Bd3 Qf4+ 35. Qxf4+ exf4 36. Bf5 f3 37. Bh4 1-0

[Event "Sautron op 14th"]
[Site "Sautron"]
[Date "2014.10.25"]
[Round "3"]
[White "Loiseau, Quentin"]
[Black "Neelotpal, Das"]
[Result "1/2-1/2"]
[ECO "A85"]
[WhiteElo "2354"]
[BlackElo "2424"]
[Annotator "RR"]
[PlyCount "81"]
[EventDate "2014.10.26"]
[EventType "swiss"]
[EventRounds "9"]
[EventCountry "FRA"]
[SourceTitle "EXT 2015"]
[Source "ChessBase"]
[SourceDate "2014.11.20"]
[SourceVersion "1"]
[SourceVersionDate "2014.11.20"]
[SourceQuality "1"]
[TimeControl "40/5400+30:1800+30"]
[WhiteClock "0:31:05"]
[BlackClock "0:30:43"]

1. d4 f5 2. c4 Nf6 3. Nc3 d6 4. Bg5 Nbd7 5. e4 $5 {[%emt 0:08:12] Une ligne secondaire mais il ne
s'agissait probablement pas d'une préparation puisque le français a
réfléchi plus de 8 mns sur ce coup.} (5. Qc2 g6 6. e3 Bg7 7. h4 c6 8. Nh3 Qa5
9. Nf4 Nf8 10. Bxf6 Bxf6 11. d5 e5 12. dxe6 Nxe6 13. Nfe2 Qb4 14. O-O-O Qxc4
15. Rxd6 Qc5 16. Rd2 Bd7 17. g3 O-O-O 18. Bg2 Be8 19. Rxd8+ Bxd8 20. Rd1 Bf6
21. Qd2 Rf8 22. Kb1 Rf7 23. Nd4 Qd6 24. Qc2 Nxd4 25. exd4 Kb8 26. d5 c5 27. Ne2
Be5 28. Nc1 Re7 29. Nb3 Ba4 30. Re1 Bd4 31. Rxe7 Qxe7 32. Qd2 Bxb3 33. axb3 a6
34. b4 Ka7 {Dreev,A (2667)-Bologan,V (2661) Dubai 2014 1/2-1/2}) (5. e3 g6)
5... fxe4 6. Nge2 $146 (6. f3 e5 7. dxe5 dxe5
8. Nxe4 Bb4+ 9. Nd2 O-O 10. a3 Bc5 11. Qc2 h6 12. Bh4 Be3 13. Rd1 Qe8 14. Bd3
Nc5 15. Bg6 Qc6 16. Ne2 Ne6 17. Ne4 Nd4 18. Nxd4 exd4 19. Nxf6+ gxf6 20. Be4
Qe8 21. Bf2 f5 22. Bd3 Bxf2+ 23. Kxf2 Qe3+ 24. Kf1 Re8 25. Qe2 Qxe2+ 26. Bxe2
c5 27. Kf2 Bd7 28. Rhe1 Re3 29. Bd3 Rae8 30. Rxe3 Rxe3 31. f4 Kf7 32. Bc2 Be6
33. Re1 Rxe1 34. Kxe1 Kf6 35. Bd3 Bd7 {Golovlev,N (2336)-Firman,N (2492)
Alushta 2008 1/2-1/2}) 6... e5 7. d5 (7. Ng3
Be7 8. Be2 O-O 9. O-O exd4 10. Qxd4) 7... Be7 (7... a5 ) 8. Be3 Ng4 {[%emt 0:09:58] L'ouverture des
Blancs ne fait pas très bonne impression} 9. Nxe4 O-O $32 10. N2g3 Ndf6 (10... Nxe3 11. fxe3 a5 12. Be2) 11. Qd2 Nxe4 12. Nxe4 Bf5 13. Bd3 Qe8 14. h4 c6 15. Nc3 e4 $1 16. Bxe4 Bxe4 17. Nxe4 Qg6 18. Nc3 Nxe3 19. Qxe3 Qxg2 20. O-O-O $13 Rf7 21. Qe6 Qg6 22. Ne4 cxd5 23.
Qxd5 Rc8 24. b3 b5 $36 25. Rhg1 Qf5 26. Qxf5 Rxf5 27. Nxd6 Bxd6 28. Rxd6 bxc4 29. bxc4 (29. b4 Rxf2 30. Rd7 Rf7 31. Rxf7 Kxf7 32. Kc2 $11) 29... Rxc4+ 30. Kd2 Rxh4 31. Rd8+ Rf8 32. Rd7 Rxf2+ 33. Ke3 Rf7 34. Rd8+ Rf8 35. Rd7 Re8+ 36. Kd3 g6 $17 37. Rb1 Rh3+ 38. Kd4 Rh4+ 39. Kd3 Rh3+ 40. Kd4 Rh4+ 41. Kd3 1/2-1/2